 Dungeon Crawl Stone Soup version 0.19.1-1-g22dce08 (webtiles) character file.

139 KromesxD the Cudgeler (level 5, 0/33 HPs)
             Began as a Gargoyle Gladiator on Jan 2, 2017.
             Slain by a gnoll
             ... wielding a +0 spear
              (7 damage)
             ... on level 3 of the Dungeon.
             The game lasted 00:04:45 (1906 turns).

KromesxD the Cudgeler (Gargoyle Gladiator)          Turns: 1906, Time: 00:04:46

Health: 0/33       AC:  7    Str: 19    XL:     5   Next: 22%
Magic:  5/5        EV: 14    Int:  9    God:
Gold:   126        SH:  0    Dex: 10    Spells: 0 memorised, 4 levels left

rFire  . . .     SeeInvis .     a - +0 flail
rCold  . . .     Gourm    .     b - +0 leather armour
rNeg   + . .     Faith    .     (no shield)
rPois  ∞         Spirit   .     (helmet restricted)
rElec  +         Reflect  .     (no cloak)
rCorr  .         Harm     .     (no gloves)
MR     .....                    (no boots)
Stlth  +.........               (no amulet)
                                (no ring)
                                e - +2 ring of evasion

@: no status effects
A: hooves 1, horns 1, negative energy resistance 1, screaming 1, electricity
resistance, unbreathing, petrification resistance, rot immunity, AC +4
a: no special abilities


You were on level 3 of the Dungeon.
You were full.

You visited 1 branch of the dungeon, and saw 3 of its levels.

You collected 126 gold pieces.

Inventory:

Hand Weapons
 a - a +0 flail (weapon)
Missiles
 d - 3 throwing nets (quivered)
Armour
 b - a +0 leather armour (worn)
 c - a +0 helmet
 g - a +0 large shield
Jewellery
 e - a +2 ring of evasion (left hand)
 p - an uncursed ring of magical power {unknown}
Scrolls
 h - a scroll of noise {unknown}
 j - a scroll of enchant weapon {unknown}
 m - a scroll of blinking {unknown}
 o - a scroll of immolation {unknown}
 q - a scroll of identify
 r - a scroll of fear {unknown}
 s - a scroll of recharging
Potions
 k - a potion of heal wounds
 l - a potion of agility
Comestibles
 f - 2 bread rations
 n - 3 beef jerkies


   Skills:
 + Level 3.7 Fighting
 + Level 3.8 Maces & Flails
 - Level 1.9 Throwing
 + Level 3.1 Armour
 - Level 2.4 Dodging


You had 4 spell levels left.
You didn't know any spells.

Dungeon Overview and Level Annotations

Branches:
Dungeon (3/15)

Altars:
Ashenzari
Elyvilon


Innate Abilities, Weirdness & Mutations

You are resistant to torment.
Your stone body is resilient. (AC +4)
You are immune to poison.
You resist negative energy. (rN+)
You are resistant to electric shocks. (rElec)
You can survive without breathing.
You are immune to petrification.
You are immune to rotting.
You have large cloven feet.
You have a pair of small horns on your head.
You occasionally shout uncontrollably at your foes.


Message History

The gnoll closely misses you. The gnoll hits you with a spear.
* * * LOW HITPOINT WARNING * * *
The gnoll hits you but does no damage.
You see here a flail.
You closely miss the gnoll. You kick the gnoll, but do no damage.
Your headbutt misses the gnoll. The gnoll closely misses you.
The gnoll hits you from afar with a spear.
* * * LOW HITPOINT WARNING * * *
The gnoll completely misses you.
You hit the gnoll. Your kick misses the gnoll. Your headbutt misses the gnoll.
The gnoll is moderately wounded.
The gnoll hits you but does no damage. x2
You hit the gnoll.
The gnoll is severely wounded.
The gnoll misses you. The gnoll completely misses you.
You thump the gnoll!
You kill the gnoll!
The gnoll hits you from afar with a spear!
You die...

#.##.# #.# #.#.# #.##.# #.# #.#.#
#.##.###.###########.#.#
...................#.#.##########
#.##.#...........................
#.##........)....#.#.#.##########
..)....#.#######.#.#.............
..#............#.#.###.##########
..#.##.#.#####.#@#...............
.....#.#.# #.#)#####.##########
###..#.#.# #†.g(†....#..#......
.....#.#.# #.#.####..#..#.#####
##...#.#.# #.#(......#..#.#....
#...#.#.######........#..#.#.##.
#....>..........................
#####.#........≈≈≈.......#......
#.#.####..≈≈≈≈≈...#.##.####.


You could see a gnoll.

Vanquished Creatures
  3 gnolls (D:3)
  5 adders
  An ooze (D:1)
  A worm (D:2)
  3 bats
  2 giant cockroaches
  7 goblins
  8 hobgoblins
  7 jackals
  9 kobolds
  A quokka (D:3)
  4 frilled lizards
  8 rats
59 creatures vanquished.

Notes
Turn   | Place    | Note
-------+----------+-------------------------------------------
     0 | D:1      | KromesxD the Gargoyle Gladiator began the quest for the Orb.
     0 | D:1      | Reached XP level 1. HP: 12/12 MP: 1/1
    85 | D:1      | Reached XP level 2. HP: 18/18 MP: 2/2
   224 | D:1      | Reached skill level 1 in Armour
   296 | D:1      | Reached XP level 3. HP: 15/22 MP: 3/3
   622 | D:1      | Gained mutation: You have a pair of small horns on your head. [potion of mutation]
   622 | D:1      | Gained mutation: You occasionally shout uncontrollably at your foes. [potion of mutation]
   622 | D:1      | Gained mutation: You have large cloven feet. [potion of mutation]
   642 | D:2      | Found a shattered altar of Ashenzari.
   809 | D:2      | Reached XP level 4. HP: 28/28 MP: 4/4
  1347 | D:3      | Found a white marble altar of Elyvilon.
  1891 | D:3      | Reached XP level 5. HP: 30/32 MP: 5/5
  1906 | D:3      | Slain by a gnoll

Skill      XL: |  1  2  3  4  5 |
---------------+----------------+-----
Armour         | 1 2 3 |  3.1
Fighting       | 3 |  3.7
Maces & Flails | |  3.8
Throwing       | |  1.9
Dodging        | |  2.4

Action                   |  1- 3 |  4- 6 || total
-------------------------+-------+-------++-------
Melee: Flail             |   104 |    68 ||   172
       Kick              |     7 |    13 ||    20
       Headbutt          |     5 |     8 ||    13
  Use: Scroll            |     5 |     1 ||     6
       Potion            |     1 |     1 ||     2
 Stab: Sleeping          |       |     1 ||     1
  Eat: Meat ration       |       |     1 ||     1
       Pizza             |       |     1 ||     1
       Chunk             |       |     1 ||     1
Armor: Leather armour    |    66 |    28 ||    94
Dodge: Dodged            |    96 |    64 ||   160
